 Dungeon Crawl Stone Soup version 0.18.1-8-gdd0e5ea (webtiles) character file.

241 Ery the Chopper (level 5, 0/48 HPs)
             Began as a Minotaur Berserker on June 9, 2016.
             Was a Priest of Trog.
             Slain by Ery's ghost (10 damage)
             ... on level 4 of the Dungeon.
             The game lasted 00:09:02 (1933 turns).

Ery the Chopper (Minotaur Berserker)                Turns: 1933, Time: 00:09:03

Health: 0/48       AC:  2    Str: 25    XL:     5   Next: 80%
Magic:  4/4        EV: 13    Int:  4    God:    Trog [***...]
Gold:   219        SH:  0    Dex: 11    Spells: 0 memorised, 4 levels left

rFire  . . .     SeeInvis .     a - +0 hand axe
rCold  . . .     Gourm    .     b - +0 animal skin
rNeg   . . .     Faith    .     (no shield)
rPois  .         Spirit   .     (helmet restricted)
rElec  .         Dismiss  .     (no cloak)
rCorr  .         Reflect  .     (no gloves)
SustAt .         Harm     .     (no boots)
MR     .....                    (no amulet)
Stlth  ++........               A - ring of stealth
                                i - +4 ring of strength

@: exhausted, slowed, very slow, not resistant to hostile enchantments,
unstealthy
A: retaliatory headbutt, horns 2
a: Berserk, Trog's Hand, Burn Spellbooks, Renounce Religion


You were on level 4 of the Dungeon.
You worshipped Trog.
Trog was most pleased with you.
You were not hungry.

You visited 1 branch of the dungeon, and saw 4 of its levels.

You collected 219 gold pieces.

Inventory:

Hand Weapons
 a - a +0 hand axe (weapon)
Armour
 b - a +0 animal skin (worn)
 t - a +0 chain mail
 y - a +0 pair of boots
 B - a +0 ring mail
Jewellery
 i - a +4 ring of strength (left hand)
 A - a ring of stealth (right hand)
Scrolls
 e - 3 scrolls of remove curse {unknown}
 f - 5 scrolls of identify {unknown}
 h - a scroll of enchant weapon {unknown}
 n - 4 scrolls of immolation {unknown}
 o - a scroll of enchant armour {unknown}
 p - a scroll of noise {unknown}
 s - 3 scrolls of magic mapping {unknown}
 v - a scroll of amnesia {unknown}
 w - 2 scrolls of teleportation {unknown}
Potions
 g - a potion of curing {unknown}
 j - a potion of agility {unknown}
 m - 2 potions of cancellation {unknown}
 q - a potion of experience {unknown}
 u - a potion of flight {unknown}
 x - 2 potions of haste {unknown}
 z - a potion of degeneration {unknown}
 C - a potion of lignification {unknown}
Comestibles
 c - 3 bread rations
 d - 2 meat rations
 k - 2 slices of pizza
 l - 2 beef jerkies
 r - 3 fruits


   Skills:
 * Level 5.2 Fighting
 * Level 5.5 Axes
 * Level 3.6 Armour
 + Level 3.3 Dodging
 + Level 0.6 Stealth


You had 4 spell levels left.
You didn't know any spells.

Dungeon Overview and Level Annotations

Branches:
Dungeon (4/15)
 Temple: D:4-7

Altars:
Kikubaaqudgha

Annotations:
D:4 Ery's ghost, amateur MiBe


Innate Abilities, Weirdness & Mutations

You reflexively headbutt those who attack you in melee.
You have a pair of horns on your head.


Message History

You headbutt Ery's ghost, but do no damage.
Ery's ghost closely misses you.
You hit Ery's ghost. Your headbutt misses Ery's ghost.
Ery's ghost is moderately damaged.
Ery's ghost hits you.
You hit Ery's ghost but do no damage. Your headbutt misses Ery's ghost.
Ery's ghost is moderately damaged.
Ery's ghost hits you.
* * * LOW HITPOINT WARNING * * *
Ery's ghost hits you.
* * * LOW HITPOINT WARNING * * *
You hit Ery's ghost but do no damage.
You headbutt Ery's ghost, but do no damage.
Ery's ghost is moderately damaged.
Ery's ghost closely misses you.
You're too exhausted to go berserk.
You hit Ery's ghost but do no damage. Your headbutt misses Ery's ghost.
Ery's ghost is moderately damaged.
Ery's ghost hits you!
You die...

## .#
####.#
.... #.. #
#.###.#
#.....#
#..#######
#).@W....#
#<..###.##
##..# ...#
###.# ..#
###


You could see Ery's ghost.

Vanquished Creatures
  An ogre (D:4)
  4 adders
  5 oozes (D:1)
  3 worms
  4 dart slugs
  3 giant geckos
  2 ball pythons
  8 bats
  9 giant cockroaches
  4 goblins
  6 hobgoblins
  14 jackals
  A quokka (D:2)
  2 giant newts
  4 kobolds
  5 rats
75 creatures vanquished.

Vanquished Creatures (others)
  A human (D:3)
1 creature vanquished.

Grand Total: 76 creatures vanquished

Notes
Turn   | Place    | Note
--------------------------------------------------------------
     0 | D:1      | Ery the Minotaur Berserker began the quest for the Orb.
     0 | D:1      | Reached XP level 1. HP: 19/19 MP: 0/0
     3 | D:1      | Found a runed door.
    82 | D:1      | Reached XP level 2. HP: 21/27 MP: 1/1
   314 | D:1      | Reached ** piety under Trog
   334 | D:1      | Reached XP level 3. HP: 23/33 MP: 2/2
   547 | D:1      | Reached XP level 4. HP: 41/41 MP: 3/3
   862 | D:2      | Found a faded altar to an unknown god.
  1091 | D:2      | Reached *** piety under Trog
  1397 | D:3      | Found an ancient bone altar of Kikubaaqudgha.
  1398 | D:3      | Noticed a human
  1401 | D:3      | Killed a human
  1482 | D:3      | Reached skill level 5 in Axes
  1704 | D:3      | Reached XP level 5. HP: 38/47 MP: 4/4
  1909 | D:4      | Noticed an ogre
  1914 | D:4      | Killed an ogre
  1914 | D:4      | Reached skill level 5 in Fighting
  1924 | D:4      | Noticed Ery's ghost (amateur MiBe)
  1933 | D:4      | Slain by Ery's ghost

Skill      XL: |  1  2  3  4  5 |
---------------+----------------+-----
Axes           | 4 5 |  5.5
Fighting       | 4 5 |  5.2
Armour         | 3 |  3.6
Dodging        | 3 |  3.3
Stealth        | |  0.6

Action                   |  1- 3 |  4- 6 || total
-------------------------+-------+-------++-------
Melee: Hand axe          |    51 |    91 ||   142
       Headbutt          |    10 |    18 ||    28
Invok: Berserk           |     1 |     1 ||     2
 Stab: Sleeping          |       |     2 ||     2
       Distracted        |       |     1 ||     1
  Eat: Bread ration      |       |     1 ||     1
       Chunk             |       |     1 ||     1
Armor: Animal skin       |     8 |     8 ||    16
Dodge: Dodged            |    22 |    55 ||    77
